 Dungeon Crawl Stone Soup version 0.31.0-10-gcf4a605ca0 (webtiles) character file.

Game seed: 587798231010486503

2 Arex the Ruffian (level 1, -1/24 HPs)
             Began as a Draconian Shapeshifter on Jan 26, 2024.
             Succumbed to a goblin's poison
             ... on level 1 of the Dungeon.
             The game lasted 00:00:12 (27 turns).

Arex the Ruffian (Draconian Shapeshifter)             Turns: 27, Time: 00:00:12

Health: -1/24      AC: 20    Str: 16    XL:     1   Next: 33%
Magic:  1/1        EV:  2    Int: 10    God:
Gold:   0          SH:  0    Dex: 10    Spells: 0/0 levels left

rFire   . .          .
                       - Unarmed
rCold   . . .        (no shield)
rNeg    . . .        (body armour unavailable)
rPois   +            (helmet currently unavailable)
rElec   .            (cloak currently unavailable)
rCorr   .            (gloves currently unavailable)
SInv    .            (boots currently unavailable)
Will    .....        (no amulet)
Stlth   +            (no ring)
HPRegen 0.24/turn    (no ring)
MPRegen 0.07/turn

%: no passive effects
@: lethally poisoned (-1 -> -8), tree-form
A: stationary, stasis, torment immunity, boosted hp, AC +4, unfitting armour,
(cold-blooded)
a: no special abilities


You were on level 1 of the Dungeon.
You were a tree.
You visited 1 branch of the dungeon, and saw 1 of its levels.

Inventory:

Talismans
 b - a beast talisman
 c - a flux talisman


   Skills:
 + Level 1.2 Fighting
 + Level 1.8 Dodging
 + Level 3.0 Unarmed Combat
 * Level 3.0 Shapeshifting


You couldn't memorise any spells.
You didn't know any spells.
Your spell library was empty.

Dungeon Overview and Level Annotations

Branches:
Dungeon (1/15) Zot: 5973

Altars:


Innate Abilities, Weirdness & Mutations

You are a tree.
Your roots penetrate the ground, keeping you stationary.
You cannot be teleported.
You are immune to unholy pain and torment.
Your maximum health is greatly increased.
Your equipment is partially melded.
((Your plain brown scales are hard. (AC +4)))
You cannot fit into any form of body armour.
((You are cold-blooded and may be slowed by cold attacks.))


Message History

You closely miss the goblin.
The goblin is heavily wounded.
You feel sick. The goblin barely misses you.
You closely miss the goblin.
You tail-slap the goblin, but do no damage.
The goblin is heavily wounded.
The goblin hits you with a +2 dagger of venom.
You are lethally poisoned!
You are too injured to fight recklessly!
You are too injured to fight recklessly!
You are too injured to fight recklessly!
You are too injured to fight recklessly!
You are too injured to fight recklessly!
You are too injured to fight recklessly!
You are too injured to fight recklessly!
You are too injured to fight recklessly!
Your transformation has ended.
You turn into a tree.
Your roots penetrate the ground.
You feel very sick. The goblin hits you but does no damage.
You are lethally poisoned!
You closely miss the goblin.
The goblin is heavily wounded.
You feel very sick. The goblin hits you but does no damage.
You smack the goblin!
You kill the goblin!
* * * LOW HITPOINT WARNING * * *
You feel very sick.
You cannot move.
There is a lethal amount of poison in your body!
There is a lethal amount of poison in your body!
There is a lethal amount of poison in your body!
You aren't carrying any potions.
You are too injured to fight recklessly!
* * * LOW HITPOINT WARNING * * *
You feel very sick.
* * * LOW HITPOINT WARNING * * *
You feel sick.
You die...

#. ....... #.♣#♣♣#
....... #♣...<♣
....... #♣.♣..♣#
....... #.♣#♣♣#
....... ##.## ...
....... ##.####....
......†####.........
......)♣............
....................
....................
.#..................
#..................
#........##........
#.......?##........
.........# ####...
.........# ..


There were no monsters in sight!

Vanquished Creatures
  A ball python (D:1)
  A goblin (D:1)
2 creatures vanquished.

Notes
Turn   | Place    | Note
-------+----------+-------------------------------------------
     0 | D:1      | Arex the Draconian Shapeshifter began the quest for the
                  | Orb.
     0 | D:1      | Reached XP level 1. HP: 16/16 MP: 1/1
    26 | D:1      | HP: 1/24 [poisoned by a goblin]
    27 | D:1      | Succumbed to a goblin's poison

Illustrated notes

Levels and vault maps discovered:
D:1:      pf_arrival_petrified_forest, layout_basic

Action                     || total
---------------------------++-------
  Melee: Unarmed           ||     9
         Tailslap          ||     1
    Use: Potion            ||     1
 Armour: Skin              ||     5
  Dodge: Dodged            ||     4
